 Dungeon Crawl Stone Soup version 0.21.1-1-g345015f (webtiles) character file.

5714 Monsterracer the Martial Artist (level 10, -5/75 HPs)
             Began as a White Draconian Venom Mage on Feb 6, 2018.
             Was a Believer of Hepliaklqana.
             Killed by the air
             ... invoked by Gastronok
              (11 damage)
             ... on level 9 of the Dungeon.
             The game lasted 00:17:56 (11953 turns).

Monsterracer the Martial Artist (DrVM)             Turns: 11953, Time: 00:17:56

Health: -5/75      AC:  9    Str: 12    XL:     10   Next: 48%
Magic:  14/14      EV: 15    Int: 19    God:    Hepliaklqana [**....]
Gold:   261        SH:  6    Dex: 12    Spells: 10/13 levels left

rFire    . . .     SeeInvis .     - Unarmed
rCold    + . .     Gourm    .   d - +1 buckler
rNeg     . . .     Faith    .   (armour unavailable)
rPois    .         Spirit   .   (helmet restricted)
rElec    .         Reflect  .   z - +0 cloak
rCorr    +         Harm     .   o - +0 pair of gloves
MR       .....                  (no boots)
Stlth    +++.......             x - amulet of regeneration
HPRegen  0.62/turn              j - ring of resist corrosion {!d}
MPRegen  0.14/turn              p - +2 ring of strength

@: short of breath
A: breathe frost, unfitting armour, reduced essence, cold resistance 1,
cold-blooded, AC +7
a: Breathe Frost, Recall Ancestor, Ancestor Identity, Renounce Religion


You were on level 9 of the Dungeon.
You worshipped Hepliaklqana.
Hepliaklqana was pleased with you.
You were not hungry.

You visited 3 branches of the dungeon, and saw 11 of its levels.

You collected 376 gold pieces.
You spent 115 gold pieces at shops.

Inventory:

Armour
 d - a +1 buckler (worn)
 o - a +0 pair of gloves (worn)
 z - a +0 cloak (worn)
 A - a +0 large shield
Jewellery
 f - an uncursed ring of see invisible
 j - a ring of resist corrosion (left hand) {!d}
 p - a +2 ring of strength (right hand)
 t - an uncursed ring of fire
 x - an amulet of regeneration (around neck)
 y - an uncursed ring of wizardry
Wands
 q - a wand of flame (36)
 r - a wand of digging (9)
Scrolls
 a - 5 scrolls of remove curse
 b - 3 scrolls of magic mapping {!r}
 k - a scroll of fog
 B - 4 scrolls of teleportation
 C - a scroll of blinking
 D - a scroll of identify
Potions
 e - 3 potions of haste
 g - a potion of invisibility {unknown}
 h - a potion of cancellation {unknown}
 i - a potion of ambrosia {!q}
 l - 4 potions of lignification
 m - a potion of resistance
 n - 2 potions of curing
 s - 2 potions of heal wounds {unknown}
 u - 2 potions of agility
 v - 2 potions of flight {unknown}
 w - a potion of might {unknown}
Comestibles
 c - 14 rations
 E - 4 chunks of flesh


   Skills:
 + Level 6.7 Fighting
 + Level 6.0 Dodging
 + Level 4.3 Stealth
 - Level 4.0 Shields
 * Level 10.4 Unarmed Combat
 - Level 2.0 Spellcasting
 - Level 1.0 Conjurations
 - Level 3.0 Poison Magic
 + Level 5.3 Invocations


You had 10 spell levels left.
You knew the following spells:

 Your Spells              Type           Power        Failure   Level  Hunger
a - Sting                 Conj/Pois      #...         8%          1    #......
b - Confusing Touch       Hex            #.....       17%         1    #......
z - Apportation           Tloc           #.....       17%         1    #......


Dungeon Overview and Level Annotations

Branches:
Dungeon (9/15)             Temple (1/1) D:5            Lair (1/6) D:8
    Orc: D:9-12

Altars:
Ashenzari
Cheibriados
Dithmenos
Elyvilon
Fedhas
Gozag
Hepliaklqana
Kikubaaqudgha
Makhleb
Nemelex Xobeh
Okawaru
Qazlal
Ru
Sif Muna
Trog
Uskayaw
Vehumet
Wu Jian
Xom
Yredelemnul
Zin
The Shining One

Shops:
D:8 *

Annotations:
D:9 Gastronok


Innate Abilities, Weirdness & Mutations

You can breathe waves of freezing cold.
You can buffet flying creatures when you breathe cold.
Your icy white scales are hard. (AC +7)
You cannot fit into any form of body armour.
Your flesh is cold resistant. (rC+)
You are cold-blooded and may be slowed by cold attacks.
Your life essence is reduced to manifest your ancestor. (-10% HP)


Message History

You open the door.
There is an open door here.
Found 2 tomahawks.
Found a stone staircase leading up.
Found a leather armour.
You now have 261 gold pieces (gained 16).
Gastronok the Ponderous comes into view.
Gastronok gurgles horribly!
Gastronok is nearby!
Press: ? - help, Shift-Dir - straight line, f - Gastronok
Aim: Gastronok, wearing a hat You exhale a wave of freezing cold.
The freezing breath hits Gastronok.
Gastronok is lightly wounded.
You feel somewhat more hungry.
Casting: Sting
Confirm with . or Enter, or press ? or * to list all spells.
Aiming: Sting
Press: ? - help, Shift-Dir - straight line, f/p - Gastronok
Aim: Gastronok, wearing a hat (lightly wounded)
The sting hits Gastronok.
Gastronok is lightly wounded.
You now have 13/14 mp.
Casting: Sting
Confirm with . or Enter, or press ? or * to list all spells.
Aiming: Sting
Press: ? - help, Shift-Dir - straight line, f/p - Gastronok
Aim: Gastronok, wearing a hat (lightly wounded)
The sting hits Gastronok.
Gastronok is poisoned.
Gastronok is lightly wounded.
Gastronok casts a spell at you.
Appia seems to slow down.
You now have 12/14 mp.
Appia barely misses Gastronok.
Gastronok waves his eye-stalks in wide circles.
The air twists around and strikes you!
You take 25 damage, and have 50/75 hp.
MASSIVE DAMAGE!!
You punch Gastronok!
Gastronok is lightly wounded.
You hit Gastronok.
Gastronok is lightly wounded.
Appia hits Gastronok with a flail.
You hit Gastronok.
You tail-slap Gastronok, but do no damage.
Gastronok is moderately wounded.
Gastronok glows a brilliant shade of cerise.
You punch Gastronok!
Gastronok is moderately wounded.
You hit Gastronok.
Your tail-slap misses Gastronok.
Gastronok is moderately wounded.
Appia hits Gastronok but does no damage.
Gastronok bites you!!
* * * LOW HITPOINT WARNING * * *
You take 22 damage, and have 30/75 hp.
MASSIVE DAMAGE!!
Press: ? - help, v - describe, . - travel
Here: Gastronok, wearing a hat (moderately wounded, poisoned)
The floor.
You hit Gastronok but do no damage.
Gastronok is moderately wounded.
You punch Gastronok!
Gastronok is heavily wounded.
Appia hits Gastronok with a flail!
Gastronok waves his eye-stalks in wide circles.
Appia is struck by the twisting air!
Appia is destroyed!
Gastronok gurgles horribly!
You punch Gastronok!
Gastronok is heavily wounded.
Gastronok looks more healthy.
You punch Gastronok!
Gastronok is severely wounded.
You punch Gastronok!
Gastronok is severely wounded.
Gastronok bites you.
* * * LOW HITPOINT WARNING * * *
You take 2 damage, and have 30/75 hp.
You punch Gastronok! You tail-slap Gastronok.
Gastronok is almost dead.
You hit Gastronok.
Gastronok is almost dead.
Gastronok bites you.
* * * LOW HITPOINT WARNING * * *
You take 2 damage, and have 29/75 hp.
MP restored: 14 You barely miss Gastronok.
Gastronok is almost dead.
You punch Gastronok!
You tail-slap Gastronok, but do no damage.
Gastronok is almost dead.
You hit Gastronok but do no damage.
Gastronok is almost dead.
Gastronok waves his eye-stalks in wide circles.
The air twists around and strikes you!
* * * LOW HITPOINT WARNING * * *
You take 25 damage, and have 5/75 hp.
MASSIVE DAMAGE!!
You hit Gastronok.
Gastronok is almost dead.
You hit Gastronok but do no damage.
Gastronok is almost dead.
Gastronok waves his eye-stalks in wide circles.
The air twists around and strikes you!
You die...

#......#
#......#
#......#
+......+
#......#
#......#
#....w.#
#...@..#
#......#
##...###
#####.######
#..<.......#
#..........#
#..........####
#.......(...[..
#..........###.


You could see Gastronok.

Vanquished Creatures
  Erolcha (D:9)
  A two-headed ogre (D:8)
  Pikel (D:5)
  A hornet (D:8)
  A wyvern (D:8)
  A hungry ghost (D:8)
  2 soldier ants (D:8)
  2 water moccasins
  A necrophage (D:7)
  An eye of draining (D:8)
  3 centaurs (D:8)
  5 bullfrogs
  A big kobold (D:7)
  A water moccasin skeleton (D:6)
  A scorpion (D:4)
  4 wights
  A howler monkey (D:6)
  A crimson imp (D:6)
  A jelly (D:5)
  An orc priest (D:5)
  2 bullfrog skeletons
  An iguana (D:4)
  3 orc wizards (D:6)
  Natasha (thrice) (D:2)
  8 worker ants
  A hound zombie (D:6)
  7 adders
  A shadow imp (D:5)
  An adder skeleton (D:4)
  5 worms
  3 dart slugs (D:1)
  3 leopard geckos (D:5)
  12 orcs
  A ball python (D:4)
  10 giant cockroaches
  2 goblins
  7 hobgoblins
  15 jackals
  7 kobolds
  6 quokkas
  6 bats
  7 frilled lizards
  A jackal zombie (D:6)
  A leopard gecko zombie (D:7)
  A quokka zombie (D:6)
  7 rats
152 creatures vanquished.

Vanquished Creatures (collateral kills)
  A komodo dragon (D:8)
  A hippogriff (D:8)
  A wyvern (D:8)
  Duvessa (D:7)
  A phantom (D:6)
  2 ogres
  Dowan (D:7)
  A wight (D:4)
  A bullfrog zombie (D:8)
  Crazy Yiuf (D:7)
  2 bullfrog skeletons
  A worker ant (D:6)
  An orc (D:7)
15 creatures vanquished.

Vanquished Creatures (others)
  An ogre (D:5)
  A human (D:2)
  Blork the orc (D:6)
  A jelly (D:6)
  An orc wizard (D:5)
  An ancestor (D:9)
  A knight (D:9)
  An orc (D:5)
  A quokka (D:6)
  8 plants (D:8)
17 creatures vanquished.

Grand Total: 184 creatures vanquished

Notes
Turn   | Place    | Note
-------+----------+-------------------------------------------
     0 | D:1      | Monsterracer the Draconian Venom Mage began the quest for the Orb.
     0 | D:1      | Reached XP level 1. HP: 14/14 MP: 3/3
    26 | D:1      | Reached skill level 1 in Unarmed Combat
   307 | D:1      | Reached XP level 2. HP: 20/20 MP: 5/5
   466 | D:1      | HP: 5/20 [kobold/club (7)]
   469 | D:1      | Reached skill level 2 in Unarmed Combat
   471 | D:1      | HP: 5/20 [dart slug/slug dart (1)]
   830 | D:1      | HP: 10/20 [giant cockroach (2)]
  1340 | D:2      | HP: 8/20 [worm (8)]
  1589 | D:2      | Reached XP level 3. HP: 24/26 MP: 6/6
  1596 | D:2      | Reached skill level 3 in Unarmed Combat
  1912 | D:2      | Noticed Natasha
  1924 | D:2      | HP: 9/26 [Natasha (5)]
  1928 | D:2      | HP: 2/26 [Natasha/magic dart (8)]
  1932 | D:2      | Killed Natasha
  1932 | D:2      | Reached XP level 4. HP: 2/33 MP: 7/7
  1934 | D:2      | HP: 2/33 [jackal (1)]
  2505 | D:2      | Found a glowing silver altar of Zin.
  2505 | D:2      | Found a blossoming altar of Fedhas.
  2877 | D:2      | Found an ancient bone altar of Kikubaaqudgha.
  2878 | D:2      | Noticed a human
  2881 | D:2      | Killed a human
  3064 | D:3      | Reached skill level 4 in Unarmed Combat
  3136 | D:3      | HP: 16/33 [poisoned by an adder]
  3144 | D:3      | HP: 15/33 [poisoned by an adder]
  3239 | D:3      | HP: 16/33 [orc (1)]
  3457 | D:3      | HP: 13/33 [worm (12)]
  3470 | D:3      | HP: 8/33 [worm (7)]
  3630 | D:3      | HP: 16/33 [worm (6)]
  4209 | D:4      | Reached skill level 5 in Unarmed Combat
  4209 | D:4      | Reached XP level 5. HP: 22/38 MP: 1/8
  4224 | D:4      | HP: 19/38 [poisoned by a scorpion]
  4625 | D:4      | HP: 19/39 [worker ant (6)]
  4626 | D:4      | Reached skill level 1 in Fighting
  4630 | D:4      | HP: 16/40 [poisoned by a worker ant]
  4635 | D:4      | HP: 14/40 [poisoned by a worker ant]
  4641 | D:4      | HP: 11/40 [poisoned by a worker ant]
  4647 | D:4      | HP: 10/40 [poisoned by a worker ant]
  4655 | D:4      | HP: 9/40 [poisoned by a worker ant]
  4665 | D:4      | HP: 5/40 [worker ant (4)]
  4666 | D:4      | Reached skill level 1 in Shields
  4666 | D:4      | Reached XP level 6. HP: 6/47 MP: 1/9
  4670 | D:4      | HP: 4/47 [poisoned by a worker ant]
  4676 | D:4      | HP: 3/47 [poisoned by a worker ant]
  4684 | D:4      | HP: 2/47 [poisoned by a worker ant]
  5132 | D:3      | HP: 21/47 [wight/war axe (14)]
  5137 | D:3      | HP: 17/47 [wight/war axe (5)]
  5141 | D:3      | HP: 8/47 [wight/war axe (7)]
  5159 | D:3      | HP: 5/47 [wight/war axe (4)]
  5364 | D:2      | Noticed Natasha
  5371 | D:2      | HP: 19/47 [Natasha (6)]
  5377 | D:2      | HP: 7/47 [Natasha (6)]
  5378 | D:2      | Killed Natasha
  5696 | D:2      | Found an ancient bone altar of Kikubaaqudgha.
  5744 | D:2      | Found a glowing silver altar of Zin.
  5746 | D:2      | Found a blossoming altar of Fedhas.
  5862 | D:2      | Noticed Natasha
  5872 | D:2      | Killed Natasha
  6464 | D:4      | HP: 24/48 [poisoned by a worker ant]
  6732 | D:5      | Entered Level 5 of the Dungeon
  6784 | D:4      | HP: 23/48 [worker ant (7)]
  6790 | D:4      | HP: 19/48 [poisoned by a worker ant]
  6795 | D:4      | HP: 9/48 [poisoned by a worker ant]
  6796 | D:4      | HP: 3/48 [jackal (2)]
  6802 | D:4      | HP: 24/48 [poisoned by a worker ant]
  6916 | D:4      | HP: 23/48 [jackal (2)]
  6921 | D:4      | HP: 19/48 [poisoned by a worker ant]
  6925 | D:4      | Reached skill level 6 in Unarmed Combat
  6926 | D:4      | HP: 12/48 [poisoned by a worker ant]
  6933 | D:4      | HP: 10/48 [poisoned by a worker ant]
  6940 | D:4      | HP: 9/48 [poisoned by a worker ant]
  6948 | D:4      | HP: 8/48 [poisoned by a worker ant]
  7305 | D:5      | Found a staircase to the Ecumenical Temple.
  7335 | Temple   | Entered the Ecumenical Temple
  7355 | Temple   | Became a worshipper of Hepliaklqana the Forgotten
  7418 | D:5      | Your scales start taking on an icy white colour.
  7418 | D:5      | Reached XP level 7. HP: 45/49 MP: 10/10
  7418 | D:5      | Gained mutation: Your flesh is cold resistant. (rC+) [White Draconian growth]
  7461 | D:5      | Noticed Pikel
  7481 | D:5      | HP: 23/50 [Pikel/whip of flaming (7)]
  7486 | D:5      | HP: 16/50 [Pikel/whip of flaming (3)]
  7494 | D:5      | HP: 13/50 [Pikel/whip of flaming (3)]
  7501 | D:5      | Killed Pikel
  7501 | D:5      | Reached skill level 7 in Unarmed Combat
  7501 | D:5      | Reached XP level 8. HP: 9/56 MP: 11/11
  7773 | D:5      | Found a shadowy altar of Dithmenos.
  7775 | D:5      | Found an opulent altar of Gozag.
  7778 | D:5      | Found an ornate altar of the Wu Jian Council.
  7787 | D:5      | Found a sparkling altar of Nemelex Xobeh.
  8164 | D:6      | Killed Blork the orc
  8323 | D:6      | Reached skill level 1 in Invocations
  8567 | D:6      | HP: 29/59 [poisoned by a worker ant]
  8572 | D:6      | HP: 27/59 [poisoned by a worker ant]
  8577 | D:6      | HP: 26/59 [poisoned by a worker ant]
  8584 | D:6      | HP: 25/59 [poisoned by a worker ant]
  8592 | D:6      | HP: 25/59 [poisoned by a worker ant]
  8818 | D:6      | Reached skill level 8 in Unarmed Combat
  8989 | D:6      | Found a radiant altar of Vehumet.
  8998 | D:6      | Found an ancient bone altar of Kikubaaqudgha.
  9009 | D:6      | Found a deep blue altar of Sif Muna.
  9153 | D:7      | Noticed Dowan
  9153 | D:7      | Noticed Duvessa
  9158 | D:7      | Killed Dowan
  9165 | D:7      | HP: 27/60 [Duvessa/short sword (9)]
  9169 | D:7      | HP: 10/60 [Duvessa/short sword (12)]
  9174 | D:7      | Killed Duvessa
  9440 | D:7      | Reached * piety under Hepliaklqana
  9542 | D:7      | Reached XP level 9. HP: 63/65 MP: 12/12
  9574 | D:7      | Learned a level 1 spell: Apportation
  9577 | D:7      | Learned a level 1 spell: Confusing Touch
  9653 | D:7      | Reached skill level 5 in Fighting
  9669 | D:7      | Found a hide-covered altar of Uskayaw.
  9933 | D:7      | Found a runed door.
  9938 | D:7      | Noticed Crazy Yiuf
  9946 | D:7      | Killed Crazy Yiuf
 10411 | D:8      | Reached skill level 9 in Unarmed Combat
 10435 | D:8      | Reached skill level 5 in Dodging
 10447 | D:8      | Noticed a two-headed ogre
 10457 | D:8      | Killed a two-headed ogre
 10621 | D:8      | Found a snail-covered altar of Cheibriados.
 10722 | D:8      | Found Myghom's General Store.
 10725 | D:8      | Bought a scroll of teleportation for 33 gold pieces
 10725 | D:8      | Bought a scroll of blinking for 82 gold pieces
 10847 | D:8      | Reached XP level 10. HP: 57/74 MP: 13/13
 11010 | D:8      | Found a staircase to the Lair.
 11144 | D:8      | HP: 33/74 [komodo dragon (26)]
 11159 | D:8      | HP: 25/74 [komodo dragon (1)]
 11295 | D:8      | Reached skill level 10 in Unarmed Combat
 11472 | D:8      | Reached skill level 5 in Invocations
 11712 | Lair:1   | Entered Level 1 of the Lair of Beasts
 11757 | D:9      | Noticed Erolcha
 11775 | D:9      | HP: 35/75 [Erolcha/orb of energy (20)]
 11777 | D:9      | Killed Erolcha
 11904 | D:9      | Reached ** piety under Hepliaklqana
 11905 | D:9      | Remembered your ancestor Appia as a knight
 11930 | D:9      | Noticed Gastronok
 11941 | D:9      | HP: 30/75 [Gastronok (23)]
 11946 | D:9      | HP: 30/75 [Gastronok (2)]
 11951 | D:9      | HP: 5/75 [Gastronok/the air (26)]
 11953 | D:9      | Killed from afar by Gastronok

Skill      XL: |  1  2  3  4  5  6  7  8  9 10 |
---------------+-------------------------------+-----
Unarmed Combat | 1 2 3 5 6 7 8 9 10 | 10.4
Dodging        | 2 3 4 5 6 |  6.0
Fighting       | 1 2 3 4 6 |  6.7
Shields        | 1 2 3 4 |  4.0
Invocations    | 2 4 5 |  5.3
Stealth        | 3 4 |  4.3
Spellcasting   | |  2.0
Conjurations   | |  1.0
Poison Magic   | |  3.0

Action                   |  1- 3 |  4- 6 |  7- 9 | 10-12 || total
-------------------------+-------+-------+-------+-------++-------
Melee: Unarmed           |   146 |   340 |   295 |    86 ||   867
       Tailslap          |     6 |    33 |    33 |    12 ||    84
       Punch             |     1 |     5 |       |       ||     6
 Cast: Sting             |    16 |    55 |       |     4 ||    75
Invok: Recall Ancestor   |       |       |     2 |       ||     2
       Ancestor Life: Kn |       |       |       |     1 ||     1
 Abil: Breathe Frost     |       |       |     4 |     5 ||     9
  Use: Scroll            |       |     9 |     6 |     2 ||    17
       Potion            |       |     1 |       |       ||     1
 Stab: Sleeping          |     2 |     3 |     4 |     5 ||    14
       Distracted        |       |       |     2 |     3 ||     5
  Eat: Chunk             |     1 |    15 |     5 |     5 ||    26
       Ration            |     1 |     1 |     2 |       ||     4
Armor: Skin              |    42 |   131 |    49 |     7 ||   229
Dodge: Dodged            |   121 |   225 |   124 |    26 ||   496
Block: Buckler           |       |     2 |    46 |    14 ||    62

Vault maps used:
D:1:      mrwooster_arrival_statue_2
D:2:      chequers_temple_overflow_statue_of_worship, tgw_kikubaaqudgha,
          uniq_natasha
D:3:      minmay_hedge_maze
D:4:      first_ration
D:5:      grunt_temple_overflow_open, temple_pool_b, uniq_pikel
D:6:      palyth_temple_overflow_mages, uniq_blork_the_orc
D:7:      eat_drink_and_be_merry_uskayaw, uniq_duvessa, uniq_crazy_yiuf_cottage
D:8:      old_standard_altar, david_lair_shrubbed, serial_shops,
          nicolae_shop_behind_doors, hangedman_pestilent_swarm
D:9:      serial_shops, nicolae_shop_trees, uniq_erolcha, uniq_gastronok,
          uniq_joseph
Temple:   minmay_freezing_vapour_temple
Lair:1:   serial_bayou_shore_b, serial_bayou_shore_a
